 Dungeon Crawl Stone Soup version 0.31-a0-1547-g618ab1f346 (webtiles) character file.

Game seed: 9154996186964002263

26254 Arcadio the Warrior (level 13, -17/154 HPs)
             Began as an Oni Cinder Acolyte on Jan 2, 2024.
             Was a Priest of Ignis.
             Demolished by a naga
             ... wielding a +0 halberd
              (23 damage)
             ... on level 2 of the Lair of Beasts.
             The game lasted 00:35:04 (13476 turns).

Arcadio the Warrior (Oni Cinder Acolyte)           Turns: 13476, Time: 00:35:05

Health: -17/154    AC:  7    Str: 25    XL:     13   Next: 24%
Magic:  8/14       EV: 15    Int: 12    God:    Ignis [***...]
Gold:   547        SH:  0    Dex:  4    Spells: 12/14 levels left

rFire   + + +        u - +0 war axe of Zynaineu {venom, ^Contam rF+++ rCorr Int-3}
rCold   + . .        t - orb {light}
rNeg    . . .        N - +0 acid dragon scales
rPois   .            (helmet currently unavailable)
rElec   .            (cloak currently unavailable)
rCorr   +            (gloves unavailable)
SInv    .            (boots unavailable)
Will    +....        o - amulet of regeneration Stlth
                     n - ring of protection from cold
HPRegen 1.25/turn    K - +5 ring of evasion
MPRegen 0.14/turn

%: no passive effects
@: lethally poisoned (-17 -> -17), beast-form, glowing
A: beast (slay +0), large, unfitting armour, horns 1, tough skin 1, double
potion healing, drunken brawling
a: Begin Untransformation, Renounce Religion, Fiery Armour, Foxfire Swarm,
Rising Flame


You were on level 2 of the Lair of Beasts.
You worshipped Ignis.
Ignis was most pleased with you.
You were a hulking beast.
You visited 4 branches of the dungeon, and saw 15 of its levels.

You collected 887 gold pieces.
You spent 340 gold pieces at shops.

Inventory:

Hand Weapons
 m - a +3 war axe of flaming
 u - the +0 war axe of Zynaineu (weapon) {venom, ^Contam rF+++ rCorr Int-3}
   (You found it on level 3 of the Dungeon)

   Int-3:     It affects your intelligence (-3).
   rF+++:     It renders you almost immune to fire.
   ^Contam:   It causes magical contamination when unequipped.
   rCorr:     It protects you from acid and corrosion.
Armour
 s - a +0 helmet
 t - an orb of light (worn)
 y - a +0 pair of gloves
 A - a +0 troll leather armour
 N - +0 acid dragon scales (worn)
Jewellery
 f - an amulet of the acrobat
 n - a ring of protection from cold (left hand)
 o - an amulet of regeneration (around neck)
 z - a ring of positive energy
 I - a ring of see invisible
 J - a ring of ice
 K - a +5 ring of evasion (right hand)
 M - a +5 ring of evasion
 P - a +6 ring of dexterity
 R - an amulet of magic regeneration
Talismans
 l - a beast talisman (active)
Wands
 b - a wand of mindburst (7)
 q - a wand of iceblast (12)
 v - a wand of digging (5)
 w - a wand of paralysis (14)
 L - a wand of polymorph (3)
Scrolls
 c - 5 scrolls of teleportation
 h - 2 scrolls of fog
 i - a scroll of enchant weapon
 r - a scroll of identify
 x - 3 scrolls of blinking
 B - a scroll of poison
 C - 3 scrolls of fear
 D - 3 scrolls of butterflies
 G - 2 scrolls of immolation
 H - 2 scrolls of enchant armour {unknown}
 O - 2 scrolls of vulnerability
 S - a scroll of revelation {unknown}
Potions
 a - a potion of mutation
 d - a potion of brilliance {unknown}
 e - 2 potions of might
 j - a potion of invisibility
 k - a potion of magic
 p - a potion of resistance
 E - 4 potions of curing
 F - a potion of haste
 Q - a potion of attraction {unknown}
Miscellaneous
 g - a tin of tremorstones (2/2)


   Skills:
 + Level 16.9 Fighting
 + Level 13.1 Axes
 + Level 11.7 Dodging
 - Level 1.2 Spellcasting
 - Level 2.6 Fire Magic


You had 12 spell levels left.
You knew the following spells:

 Your Spells              Type           Power      Damage    Failure   Level
a - Scorch                Fire           14%        2d5       19%         2

Your spell library contained the following spells:

 Spells                   Type           Power      Damage    Failure   Level
 Sting                    Conj/Alch      0%         1d3       36%         1
 Call Imp                 Summ           0%         N/A       50%         2
 Ensorcelled Hibernation  Hex/Ice        0%         N/A       50%         2
 Mercury Vapours          Alch/Air       0%         N/A       50%         2
 Sublimation of Blood     Necr           0%         N/A       50%         2
 Fugue of the Fallen      Necr           0%         N/A       73%         3
 Anguish                  Hex/Necr       0%         N/A       98%         4
 Animate Armour           Summ/Erth      0%         N/A       98%         4
 Olgreb's Toxic Radiance  Alch           0%         N/A       98%         4
 Summon Lightning Spire   Summ/Air       0%         N/A       98%         4
 Lee's Rapid Deconstruct  Erth           0%         3d4*      100%        5
 Haunt                    Necr/Summ      0%         N/A       100%        7
 Summon Hydra             Summ           0%         N/A       100%        7
 Borgnjor's Revivificati  Necr           0%         N/A       100%        8
 Death's Door             Necr           0%         N/A       100%        9


Dungeon Overview and Level Annotations

Branches:
Dungeon (11/15) Zot: 25750  Temple (1/1) D:5 Zot: 5998    Lair (2/5) D:11 Zot: 9704
  Snake (0/4) Lair:2          Orc (1/2) D:9 Zot: 5993
  Swamp: Lair:2-3    Shoals: Lair:2-3

Altars:
Ashenzari
Cheibriados
Dithmenos
Elyvilon
Fedhas
Gozag
Hepliaklqana
Kikubaaqudgha
Makhleb
Nemelex Xobeh
Okawaru
Qazlal
Ru
Sif Muna
Trog
Uskayaw
Vehumet
Wu Jian
Xom
Yredelemnul
Zin
The Shining One

Shops:
D:6 [!?[:   D:7 *   D:10 (

Annotations:
D:8 3 runed translucent doors, yokelz's ghost, novice MiFi
Orc:1 Josephine


Innate Abilities, Weirdness & Mutations

You are a hulking beast.
Your limbs bulge with bestial killing power. (Slay +0)
You are too large for most types of armour.
You have a pair of small horns on your head.
You have tough skin. (AC +1)
You gain doubled healing and magic from potions.
Whenever you drink a healing potion, you attack all around you.


Message History

You slice the naga!!
The naga is almost dead.
You feel sick.
You are no longer poisoned.
The naga hits you from afar with a +0 glaive.
The naga spits poison at you. The splash of poison misses you.
The naga attacks as it pursues you! The naga misses you.
The naga closely misses you.
You slash the naga!
You kill the naga!
The naga spits poison at you. The splash of poison hits you!!
You are poisoned.
You feel sick. The naga spits poison at you. The splash of poison hits you!
You are more poisoned.
Your magical contamination has completely faded away.
A seven-headed hydra comes into view.
You feel very sick.
The seven-headed hydra roars!
You feel very sick.
You hit the naga.
The naga is lightly wounded.
You feel sick. The naga misses you. x2
You barely miss the naga.
You headbutt the naga, but do no damage.
The naga is lightly wounded.
You feel sick. The naga hits you with a +0 halberd!!
The naga barely misses you.
You slash the naga!
The naga is heavily wounded.
You feel sick.
The naga hits you from afar with a +0 glaive!!
The naga hits you with a +0 halberd!!
* * * LOW HITPOINT WARNING * * *
The naga completely misses you.
You feel sick.
The naga hits you from afar with a +0 halberd!!
You die...

#......##
############
##....#.# ##.## ##
##.....## ##...#...##
#P.....###......⌠...#
#.......#...#.....>.#
#...#N.....###..⌠...#
#..##N#...## #...###
#...#.##.## ####
#...#h#####
#.....D......
#.....#..#..#
#......#... #......
..... #....... ##.#
#......# # #......#


You could see a seven-headed hydra and 2 nagas.

Vanquished Creatures
  A fire dragon (D:11)
  2 two-headed ogres
  2 boulder beetles (D:9)
  3 cyclopes (D:11)
  2 manticores
  An elephant (D:11)
  A black mamba (Lair:1)
  4 cane toads
  Jeremiah (D:8)
  5 komodo dragons
  Psyche (D:11)
  3 rime drakes
  2 polar bears
  2 trolls (D:11)
  A glass eye (D:9)
  A dream sheep (D:11)
  4 blink frogs (Lair:2)
  2 shadows (D:11)
  A vampire (D:11)
  6 wraiths
  30 yaks
  6 wyverns
  A basilisk (Lair:1)
  2 steam dragons
  Menkaure (D:6)
  A warg (D:9)
  A vampire mosquito (D:11)
  A naga (Lair:2)
  3 acid dragons
  7 water moccasins
  Duvessa (D:4)
  7 orc warriors
  A sky beast (D:7)
  A black bear (D:6)
  5 ice beasts
  2 ogres (D:6)
  4 wolves (D:11)
  5 centaurs
  A phantom (D:5)
  2 kobold brigands
  9 bullfrogs
  A gnoll sergeant (D:11)
  3 scorpions
  6 wights
  Dowan (D:4)
  36 killer bees
  5 electric eels (D:8)
  2 howler monkeys
  4 orc priests
  2 bombardier beetles
  A hound (D:6)
  5 jellies
  A gnoll bouda (D:6)
  A sleepcap (D:6)
  5 hell rats (Lair:1)
  9 orc wizards
  6 iguanas
  7 gnolls
  5 adders
  2 white imps
  2 ufetubi (D:5)
  3 dart slugs
  A ribbon worm (D:2)
  45 orcs
  6 ball pythons
  9 endoplasms
  2 giant cockroaches (D:4)
  11 goblins
  5 hobgoblins
  7 jackals
  3 quokkas
  3 bats
  4 frilled lizards
  13 kobolds
  5 rats
357 creatures vanquished.

Vanquished Creatures (others)
  An orc (Orc:1)
  23 foxfires (D:8)
24 creatures vanquished.

Grand Total: 381 creatures vanquished

Notes
Turn   | Place    | Note
-------+----------+-------------------------------------------
     0 | D:1      | Arcadio the Oni Cinder Acolyte began the quest for the Orb.
     0 | D:1      | Reached XP level 1. HP: 24/24 MP: 2/2
   161 | D:1      | Reached XP level 2. HP: 23/32 MP: 3/3
   412 | D:1      | Reached skill level 1 in Dodging
   807 | D:2      | Identified 2 scrolls of acquirement
   807 | D:2      | Acquired a +3 war axe of flaming
   843 | D:2      | Reached XP level 3. HP: 40/40 MP: 4/4
  1229 | D:2      | Found a blossoming altar of Fedhas.
  1717 | D:3      | Found a glowing golden altar of the Shining One.
  1741 | D:3      | Reached skill level 5 in Fighting
  1743 | D:3      | Reached XP level 4. HP: 45/50 MP: 5/5
  1807 | D:3      | Identified the +0 war axe of Zynaineu {venom, ^Contam rF+++
                  | rCorr Int-3}
  2042 | D:3      | Identified the +5 falchion "Erhelaro" {freeze, rCorr Int+3
                  | Dex-2 Stlth+}
  2211 | D:3      | Reached XP level 5. HP: 50/57 MP: 6/6
  2602 | D:4      | Acquired the ring of the Moon {^Contam rF+ Int+4 SInv}
  2779 | D:4      | Reached skill level 6 in Fighting
  2779 | D:4      | Reached XP level 6. HP: 62/67 MP: 7/7
  3407 | D:4      | Noticed Duvessa
  3407 | D:4      | Noticed Dowan
  3416 | D:4      | Killed Dowan
  3422 | D:4      | Killed Duvessa
  3423 | D:4      | Reached skill level 5 in Axes
  3423 | D:4      | Reached XP level 7. HP: 19/76 MP: 8/8
  3639 | D:5      | Entered Level 5 of the Dungeon
  3742 | D:5      | Learned a level 2 spell: Scorch
  3746 | D:5      | Reached skill level 7 in Fighting
  4054 | D:5      | Found a staircase to the Ecumenical Temple.
  4059 | Temple   | Entered the Ecumenical Temple
  4108 | D:5      | Reached skill level 8 in Fighting
  4108 | D:5      | Reached XP level 8. HP: 63/88 MP: 9/9
  4260 | D:5      | Found a shadowy altar of Dithmenos.
  4699 | D:6      | Found Usiaduas's Antique Armour Shop.
  4794 | D:6      | Reached skill level 5 in Dodging
  4917 | D:6      | Reached skill level 9 in Fighting
  4917 | D:6      | Found Mupaj's Distillery.
  4947 | D:6      | Bought 2 potions of curing for 72 gold pieces
  4947 | D:6      | Bought a potion of heal wounds for 60 gold pieces
  4947 | D:6      | Bought a potion of haste for 120 gold pieces
  4947 | D:6      | Bought a potion of curing for 36 gold pieces
  5021 | D:6      | Found Itoirhun's Book Shop.
  5045 | D:6      | Found Pongat Qeoc's Antique Armour Emporium.
  5150 | D:6      | Reached XP level 9. HP: 100/100 MP: 10/10
  5250 | D:6      | Noticed Menkaure
  5255 | D:6      | HP: 1/101 [Menkaure (20)]
  5258 | D:6      | Killed Menkaure
  5469 | D:6      | Reached skill level 10 in Fighting
  5481 | D:6      | Found Zoxietut's Magic Scroll Shoppe.
  5484 | D:6      | Bought a scroll of identify for 26 gold pieces
  5484 | D:6      | Bought a scroll of identify for 26 gold pieces
  5696 | D:7      | Found Fadeg's General Store.
  6091 | D:7      | Reached skill level 11 in Fighting
  6100 | D:7      | Reached XP level 10. HP: 39/114 MP: 8/11
  6378 | D:8      | Noticed Jeremiah
  6521 | D:8      | Noticed a two-headed ogre
  6539 | D:8      | Killed a two-headed ogre
  6963 | D:8      | Killed Jeremiah
  6964 | D:8      | Reached skill level 12 in Fighting
  7032 | D:8      | Found a runed translucent gate.
  7032 | D:8      | Found a runed translucent gate.
  7034 | D:8      | Found a runed translucent gate.
  7037 | D:8      | Noticed yokelz's ghost (novice MiFi)
  7451 | D:8      | Found a blossoming altar of Fedhas.
  7676 | D:9      | Found a staircase to the Orcish Mines.
  7878 | D:9      | Found a broken altar of Ashenzari.
  7882 | D:9      | Found a shimmering altar of Xom.
  7886 | D:9      | Found a hide-covered altar of Uskayaw.
  7890 | D:9      | Found a sacrificial altar of Ru.
  8123 | D:9      | Noticed a boulder beetle
  8130 | D:9      | Noticed a two-headed ogre
  8290 | D:9      | Noticed a boulder beetle
  8321 | D:9      | Killed a boulder beetle
  8322 | D:9      | Reached skill level 13 in Fighting
  8322 | D:9      | Reached skill level 10 in Axes
  8322 | D:9      | Reached XP level 11. HP: 93/127 MP: 12/12
  8326 | D:9      | Killed a boulder beetle
  8332 | D:9      | Identified the +1 lajatang of Melee {flame, *Rage +Blink
                  | Int+7 SInv}
  8441 | D:9      | a two-headed ogre changed into a glass eye
  8623 | D:10     | Entered Level 10 of the Dungeon
  8665 | Orc:1    | Entered Level 1 of the Orcish Mines
  8665 | Orc:1    | Noticed Josephine
  8665 | Orc:1    | Noticed an orc sorcerer
  8957 | D:10     | Found a white marble altar of Elyvilon.
  9129 | D:10     | Found an ancient bone altar of Kikubaaqudgha.
  9129 | D:10     | Found a snail-covered altar of Cheibriados.
  9135 | D:10     | Found an iron altar of Okawaru.
  9139 | D:10     | Found a radiant altar of Vehumet.
  9141 | D:10     | Found a basalt altar of Yredelemnul.
  9214 | D:10     | Reached skill level 14 in Fighting
  9373 | D:10     | Found Umoema's Weapon Shop.
  9425 | D:10     | Noticed a manticore
  9434 | D:10     | Killed a manticore
  9882 | D:11     | Noticed a cyclops
  9891 | D:11     | Killed a cyclops
  9910 | D:11     | Found a staircase to the Lair.
  9931 | D:11     | Reached skill level 10 in Dodging
  9943 | D:11     | Noticed a manticore
  9953 | D:11     | Reached XP level 12. HP: 37/140 MP: 13/13
 10105 | D:11     | Reached skill level 15 in Fighting
 10237 | D:11     | Noticed a two-headed ogre
 10294 | D:11     | a two-headed ogre changed into a rime drake
 10435 | D:11     | Noticed a two-headed ogre
 10450 | D:11     | Killed a two-headed ogre
 10489 | D:11     | Identified the +2 pair of boots of Fae Leaves {rPois rN+
                  | Stlth-}
 10505 | D:11     | Noticed a fire dragon
 10513 | D:11     | Noticed Psyche
 10521 | D:11     | Killed a fire dragon
 10523 | D:11     | Killed Psyche
 10693 | D:11     | Noticed a two-headed ogre
 10696 | D:11     | a two-headed ogre changed into a dream sheep
 10746 | D:11     | Noticed a two-headed ogre
 10747 | D:11     | a two-headed ogre changed into an elephant
 11143 | Lair:1   | Entered Level 1 of the Lair of Beasts
 11254 | Lair:1   | Reached skill level 16 in Fighting
 11599 | Lair:1   | Found an ancient bone altar of Kikubaaqudgha.
 12444 | Lair:2   | Reached XP level 13. HP: 134/154 MP: 14/14
 13451 | Lair:2   | Found a staircase to the Snake Pit.
 13475 | Lair:2   | HP: 7/154 [naga/+0 halberd (24)]
 13476 | Lair:2   | Demolished by a naga

Illustrated notes

Levels and vault maps discovered:
D:1:      nicolae_arrival_somewhat_less_tricky_arrival, layout_basic,
          amethyst_killhole
D:2:      layout_loops_ring, basic_altar, serial_bayou_lagoon_a,
          minmay_box_of_dots
D:3:      minmay_skewed_foursquare, layout_loops_cross, tso_metal_star
D:4:      nicolae_cairo_tiling, layout_gridville, minmay_bent, uniq_duvessa
D:5:      wad_crossroads, layout_cave_pods, marbit_many_paths, temple_doors_ab
D:6:      layout_basic, serial_shops, nicolae_shop_advertising_works
          [nicolae_subvault_shop_adworks], shop, nicolae_shop_rolled_up,
          nicolae_shop_industrial_runoff, shop, uniq_menkaure
D:7:      layout_loops_cross, serial_shops, nicolae_shop_rolling_square
D:8:      layout_gridville, fedhas_altar_fruit_tree, gammafunk_ghost_spectres,
          serial_bayou_lagoon_b, uniq_jeremiah
D:9:      layout_roguey, nicolae_overflow_macrodata_refinement, david_orc_2,
          nicolae_kite_square_tiling_tiny, minmay_mirror_moons_of_madness
D:10:     layout_cave_pods, chequers_temple_overflow_minitemple,
          mainiacjoe_overflow_small_starburst, serial_shops, nicolae_shop_stone
D:11:     hangedman_cross_stitches, layout_long_grid, hellmonk_lair_entry_icy,
          uniq_psyche
Temple:   nicolae_temple_cloud_nine
Lair:1:   layout_chaotic_city, basic_altar
Lair:2:   wad_woods_minihive, layout_gridlike, nicolae_snake_entry_squirm,
          infiniplex_staircase_pool_2
Orc:1:    layout_caves, basic_altar, uniq_josephine

Skill      XL: |  1  2  3  4  5  6  7  8  9 10 11 12 13 |
---------------+----------------------------------------+-----
Dodging        | 1 2 3 4 5 7 8 10 11 | 11.7
Fighting       | 5 6 8 9 11 13 14 16 | 16.9
Axes           | 4 5 7 8 10 11 12 13 | 13.1
Spellcasting   | |  1.2
Fire Magic     | |  2.6

Action                     |  1- 3 |  4- 6 |  7- 9 | 10-12 | 13-15 || total
---------------------------+-------+-------+-------+-------+-------++-------
  Melee: Hand axe          |    50 |       |       |       |       ||    50
         Headbutt          |    10 |    13 |    34 |   156 |    31 ||   244
         War axe           |    42 |   100 |   158 |   578 |   139 ||  1017
   Cast: Scorch            |       |       |    21 |       |     3 ||    24
 Invoke: Fiery Armour      |       |     1 |     1 |     3 |       ||     5
         Foxfire Swarm     |       |       |       |     1 |       ||     1
  Evoke: Wand              |       |       |       |    13 |       ||    13
    Use: Scroll            |     2 |     6 |     3 |     6 |     1 ||    18
         Potion            |       |     1 |     1 |     3 |       ||     5
   Stab: Paralysed         |       |       |       |     4 |       ||     4
 Armour: Robe              |    50 |    91 |   139 |   102 |       ||   382
         Acid dragon scale |       |       |       |   327 |    79 ||   406
  Dodge: Dodged            |    55 |    34 |    81 |   385 |   108 ||   663
   Form: Beast             |     1 |       |       |       |       ||     1

Table legend: (Time is in decaauts)
 A = Elapsed time spent in this place.
 B = Non-inter-level travel time spent in this place.
 C = Inter-level travel time spent in this place.
 D = Time resting spent in this place.
 E = Time spent auto-exploring this place.
 F = Levels seen in this place.
 G = Mean time per level.
                   A        B        C        D        E       F      G
               +--------+--------+--------+--------+--------+-----+--------+
         Total |  13535 |  13112 |    423 |    899 |   9096 |  15 |  902.3 |
       Dungeon |  11232 |  10854 |    378 |    519 |   7754 |  11 | 1021.1 |
        Temple |      1 |      1 |      0 |      0 |      0 |   1 |    1.0 |
          Lair |   2294 |   2250 |     44 |    380 |   1342 |   2 | 1147.0 |
  Orcish Mines |      6 |      6 |      0 |      0 |      0 |   1 |    6.0 |
               +--------+--------+--------+--------+--------+-----+--------+

Top non-repeatable levels by time:
     D:8: 1326 daAuts
  Lair:1: 1268 daAuts
    D:11: 1183 daAuts
     D:9: 1164 daAuts
     D:4: 1060 daAuts
    D:10: 1060 daAuts
     D:5: 1054 daAuts
  Lair:2: 1026 daAuts
     D:2: 910 daAuts
     D:3: 906 daAuts
     D:7: 899 daAuts
     D:6: 856 daAuts
     D:1: 810 daAuts
   Orc:1: 6 daAuts
  Temple: 1 daAuts
